 Dungeon Crawl Stone Soup version 0.29-a0-323-g050149af67 (webtiles) character file.

Game seed: 4358699157676245641

100 Jortsu the Ruffian (level 4, 0/44 HPs)
             Began as a Troll Fighter on Apr 12, 2022.
             Slain by an orc
             ... wielding a +0 hand axe
              (5 damage)
             ... on level 3 of the Dungeon.
             The game lasted 00:02:26 (1146 turns).

Jortsu the Ruffian (Troll Fighter)                  Turns: 1146, Time: 00:02:27

Health: 0/44       AC:  4    Str: 24    XL:     4   Next: 46%
Magic:  3/3        EV:  9    Int:  4    God:
Gold:   91         SH:  7    Dex: 11    Spells: 3/3 levels left

rFire   . . .      SeeInvis .     - Unarmed
rCold   . . .      Faith    .   b - +0 kite shield
rNeg    . . .      Spirit   .   a - +0 robe
rPois   .          Reflect  .   (helmet restricted)
rElec   .          Harm     .   (no cloak)
rCorr   .          Rampage  .   (gloves unavailable)
Will    .....                   (boots unavailable)
Stlth   +.........              (no amulet)
HPRegen 0.94/turn               (no ring)
MPRegen 0.08/turn               (no ring)

@: mighty, lethally poisoned (0 -> -1)
A: large, unfitting armour, claws 3, regeneration 1, shaggy fur 1, tough skin 1
a: no special abilities


You were on level 3 of the Dungeon.
You visited 1 branch of the dungeon, and saw 3 of its levels.

You collected 91 gold pieces.

Inventory:

Armour
 a - a +0 robe (worn)
 b - a +0 kite shield (worn)
Jewellery
 g - a ring of positive energy
Potions
 f - a potion of flight {unknown}
 h - 2 potions of curing
 i - a potion of brilliance {unknown}


   Skills:
 + Level 2.7 Fighting
 + Level 3.0 Dodging
 + Level 0.2 Stealth
 + Level 2.9 Shields
 + Level 3.1 Unarmed Combat


You had 3 spell levels left.
You didn't know any spells.
Your spell library contained the following spells:

 Spells                   Type           Power      Damage    Failure   Level
 Blink                    Tloc           0%         N/A       91%         2
 Lesser Beckoning         Tloc           0%         N/A       99%         3
 Manifold Assault         Tloc           0%         N/A       100%        5


Dungeon Overview and Level Annotations

Branches:
Dungeon (3/15)

Altars:
Elyvilon

Annotations:
D:3 Sigmund


Innate Abilities, Weirdness & Mutations

You are too large for most types of armour.
You have claws for hands.
Your natural rate of healing is unusually fast.
You are covered in fur. (AC +1)
You have tough skin. (AC +1)


Message History

An orc comes into view. It is wielding a +0 hand axe.
Sigmund gestures at you while chanting.
You are confused.
You closely miss the kobold. The kobold hits you with a +0 dagger.
You barely miss the kobold. The kobold hits you but does no damage.
You're too confused to move!
The kobold hits you but does no damage.
You feel very mighty all of a sudden. The kobold closely misses you.
Sigmund hits you from afar with a +6 scythe of venom.
You are poisoned.
You bump into the rock wall.
You feel sick. The kobold hits you but does no damage.
You're too confused to move!
You feel less confused.
You feel sick.
Sigmund hits you from afar with a +6 scythe of venom!
You are more poisoned.
You block the kobold's attack.
A goblin comes into view. It is wielding a +0 dagger.
You barely miss the kobold.
You feel very sick. The kobold hits you with a +0 dagger.
Sigmund barely misses you.
The goblin shouts!
You claw the kobold!
You kill the kobold!
You feel very sick.
The giant cockroach bites you but does no damage.
Sigmund barely misses you.
You mangle the giant cockroach!!
You kill the giant cockroach!
You feel sick.
You feel sick. You block Sigmund's attack. The orc hits you with a +0 hand axe.
* * * LOW HITPOINT WARNING * * *
Things that are here:
a +0 dagger; a giant cockroach corpse You claw Sigmund!
Sigmund is heavily wounded.
You feel sick. The orc wizard barely misses you.
The orc hits you with a +0 hand axe.
You die...

#.# ####.. .
#....# ..
#....# ...
#.... ..
#.g.#.#...
#o@oo.....
#@# #.# #.#
#.# #.# ##.#
#..# ..
#####.####...
#....>.......


You could see Sigmund, an orc wizard, 2 orcs and a goblin.

Vanquished Creatures
  A gnoll (D:1)
  4 adders (D:2)
  2 dart slugs
  5 bats
  An endoplasm (D:2)
  3 giant cockroaches
  5 goblins
  A hobgoblin (D:2)
  4 jackals (D:1)
  4 quokkas
  4 ball pythons (D:1)
  4 frilled lizards
  7 kobolds
  8 rats
53 creatures vanquished.

Notes
Turn   | Place    | Note
-------+----------+-------------------------------------------
     0 | D:1      | Jortsu the Troll Fighter began the quest for the Orb.
     0 | D:1      | Reached XP level 1. HP: 22/22 MP: 0/0
    56 | D:1      | Reached XP level 2. HP: 27/29 MP: 1/1
   188 | D:1      | Reached XP level 3. HP: 32/36 MP: 2/2
   865 | D:2      | Reached XP level 4. HP: 44/44 MP: 3/3
   920 | D:2      | Found a white marble altar of Elyvilon.
  1131 | D:3      | Noticed Sigmund
  1146 | D:3      | Slain by an orc

Illustrated notes

Levels and vault maps discovered:
D:1:      roderic_chinese_lattice_arrival, layout_rooms, palyth_stone_intersect,
          roderic_roman_lattice, kennysheep_boxes
D:2:      layout_basic, basic_altar
D:3:      layout_rooms, basic_ecumenical_altar, uniq_sigmund, uniq_ijyb

Skill      XL: |  1  2  3  4 |
---------------+-------------+-----
Dodging        | 3 |  3.0
Unarmed Combat | 3 |  3.1
Fighting       | |  2.7
Stealth        | |  0.2
Shields        | |  2.9

Action                   |  1- 3 |  4- 6 || total
-------------------------+-------+-------++-------
Melee: Unarmed           |   115 |    30 ||   145
  Use: Scroll            |     2 |     2 ||     4
       Potion            |       |     1 ||     1
 Stab: Sleeping          |     2 |       ||     2
Armor: Robe              |    39 |    17 ||    56
Dodge: Dodged            |    64 |    13 ||    77
Block: Kite shield       |    57 |    16 ||    73

Table legend: (Time is in decaauts)
 A = Elapsed time spent in this place.
 B = Non-inter-level travel time spent in this place.
 C = Inter-level travel time spent in this place.
 D = Time resting spent in this place.
 E = Time spent auto-exploring this place.
 F = Levels seen in this place.
 G = Mean time per level.
                   A        B        C        D        E       F      G
               +--------+--------+--------+--------+--------+-----+--------+
         Total |   1158 |   1136 |     22 |      0 |    715 |   3 |  386.0 |
       Dungeon |   1158 |   1136 |     22 |      0 |    715 |   3 |  386.0 |
               +--------+--------+--------+--------+--------+-----+--------+

Top non-repeatable levels by time:
     D:1: 722 daAuts
     D:2: 411 daAuts
     D:3: 25 daAuts
